 Dungeon Crawl Stone Soup version 0.21.1-1-g345015f (webtiles) character file.

1918 iamserjio the Nimble (level 9, 0/63 HPs)
             Began as an Octopode Monk on Apr 8, 2018.
             Was a Believer of Yredelemnul.
             Slain by a hound (3 damage)
             ... on level 6 of the Dungeon.
             The game lasted 00:20:58 (6174 turns).

iamserjio the Nimble (Octopode Monk)                Turns: 6174, Time: 00:20:58

Health: 0/63       AC:  1    Str: 10    XL:     9   Next: 16%
Magic:  9/9        EV: 19    Int: 13    God:    Yredelemnul [**....]
Gold:   188        SH:  5    Dex: 17    Spells: 8/8 levels left

rFire    . . .     SeeInvis +   a - +0 short sword
rCold    . . .     Gourm    .   y - +0 buckler
rNeg     . . .     Faith    .   (helmet restricted)
rPois    .         Spirit   .   (no amulet)
rElec    .         Reflect  .   d - ring of see invisible
rCorr    .         Harm     .   (no ring)
MR       .....                  (no ring)
Stlth    ++++......             (no ring)
HPRegen  0.20/turn              (no ring)
MPRegen  0.11/turn              (no ring)
                                (no ring)
                                (no ring)

@: no status effects
A: almost no armour, stealthy swim, amphibious, 8 rings, constrict 8, camouflage
1, gelatinous body 1
a: Animate Remains, Recall Undead Slaves, Injury Mirror, Renounce Religion


You were on level 6 of the Dungeon.
You worshipped Yredelemnul.
Yredelemnul was pleased with you.
You were not hungry.

You visited 2 branches of the dungeon, and saw 8 of its levels.

You collected 233 gold pieces.
You spent 45 gold pieces at shops.

Inventory:

Hand Weapons
 a - a +0 short sword (weapon)
 g - a +0 vampiric dagger
 u - a +0 rapier
 z - a +2 antimagic trident
 D - a cursed -3 dagger
 E - a +0 hand axe of freezing
Armour
 q - a +0 large shield
 y - a +0 buckler (worn)
Jewellery
 d - a ring of see invisible (left tentacle)
 v - an uncursed amulet of rage {unknown}
 F - a cursed -2 ring of intelligence {unknown}
Wands
 c - a wand of random effects (31)
Scrolls
 e - 3 scrolls of magic mapping {unknown}
 f - 5 scrolls of remove curse
 h - 4 scrolls of teleportation {unknown}
 i - 4 scrolls of identify
 k - 2 scrolls of fear {unknown}
 l - a scroll of fog {unknown}
 m - a scroll of blinking {unknown}
 s - 2 scrolls of enchant weapon {unknown}
 t - 2 scrolls of amnesia {unknown}
 w - a scroll of immolation {unknown}
Potions
 j - a potion of haste {unknown}
 n - a potion of cancellation {unknown}
 o - a potion of might {unknown}
 p - a potion of mutation {unknown}
 r - a potion of magic {unknown}
 x - a potion of lignification {unknown}
 C - 2 potions of curing {unknown}
Books
 A - a book of Battle

   Spells                             Type                      Level
   a - Infusion                       Charms                       1
   b - Shroud of Golubria             Charms/Translocation         2
   c - Song of Slaying                Charms                       2
   d - Spectral Weapon                Hexes/Charms                 3
   e - Regeneration                   Charms/Necromancy            3
Comestibles
 b - 7 rations
 B - 6 chunks of flesh


   Skills:
 + Level 6.4 Fighting
 - Level 3.1 Short Blades
 * Level 8.7 Dodging
 - Level 6.4 Stealth
 + Level 3.9 Shields


You had 8 spell levels left.
You didn't know any spells.

Dungeon Overview and Level Annotations

Branches:
Dungeon (7/15)             Temple (1/1) D:5

Altars:
Ashenzari
Cheibriados
Dithmenos
Elyvilon
Fedhas
Gozag
Hepliaklqana
Kikubaaqudgha
Makhleb
Nemelex Xobeh
Okawaru
Qazlal
Ru
Sif Muna
Trog
Uskayaw
Vehumet
Wu Jian
Xom
Yredelemnul
Zin
The Shining One

Shops:
D:4 [   D:6 (

Annotations:
D:4 1 runed door


Innate Abilities, Weirdness & Mutations

You cannot wear most types of armour.
You are very stealthy in the water. (Stealth+)
You are amphibious.
You can wear up to eight rings at the same time.
You can use your tentacles to constrict eight enemies at once.
Your skin changes colour to match your surroundings (Stealth+).
Your rubbery body absorbs attacks. (AC +1, EV +1)


Message History

You constrict the hound. The hound bites you.
* * * LOW HITPOINT WARNING * * *
The hound bites you but does no damage.
You release your grip on the hound.
The hound completely misses you.
You barely miss the hound. Your grab misses the hound.
The hound is severely wounded.
The hound bites you.
* * * LOW HITPOINT WARNING * * *
The hound bites you.
* * * LOW HITPOINT WARNING * * *
The hound barely misses you. The hound misses you. The hound bites you.
* * * LOW HITPOINT WARNING * * *
You hit the hound. You grab the hound.
The hound is almost dead.
You constrict the hound. The hound bites you.
You die...
Your body rises from the dead as a mindless zombie.

......#....## #..........# #..
.....##....# ##.........## ###
....###...## #..........# ....#
#...# #........#..# ####
....###..### #......###..###..#
.....##..(.#####.....## #..#....
....##........##....## #.....รท.
...##.............#### ##......
...#...######...@ho.o#####.......
..#...# ######.o.o...#......[
.#...# #####.[......... #...##
####........ ...## ##....... ..##
#....... .## ##...... ## #......
##....#


You could see an orc warrior, a hound and 3 orcs.

Vanquished Creatures
  Pikel (D:6)
  Grinder (D:6)
  Eustachio (D:4)
  A slave (D:6)
  3 sky beasts (D:6)
  2 ogres
  A centaur (D:6)
  A scorpion (D:4)
  A crimson imp (D:6)
  2 jellies
  2 orc priests
  4 orc wizards
  Natasha (D:4)
  An iguana (D:6)
  3 worker ants (D:5)
  Robin (D:4)
  A worker ant zombie (D:5)
  4 adders
  2 oozes
  2 adder zombies
  2 worms
  2 dart slugs (D:2)
  4 leopard geckos
  24 orcs
  8 bats
  7 giant cockroaches
  15 goblins
  6 hobgoblins
  2 jackals (D:2)
  9 kobolds
  3 quokkas
  2 ball pythons
  4 frilled lizards
  2 jackal skeletons (D:4)
  A quokka skeleton (D:6)
  6 rats
132 creatures vanquished.

Vanquished Creatures (collateral kills)
  A hound (D:6)
  An orc (D:6)
2 creatures vanquished.

Vanquished Creatures (others)
  A slave (D:6)
  A centaur zombie (D:6)
  2 orc zombies (D:6)
4 creatures vanquished.

Grand Total: 138 creatures vanquished

Notes
Turn   | Place    | Note
-------+----------+-------------------------------------------
     0 | D:1      | iamserjio the Octopode Monk began the quest for the Orb.
     0 | D:1      | Reached XP level 1. HP: 16/16 MP: 1/1
   133 | D:1      | Reached XP level 2. HP: 19/21 MP: 2/2
   955 | D:2      | Reached XP level 3. HP: 26/26 MP: 3/3
  1035 | D:2      | Found a burning altar of Makhleb.
  1035 | D:2      | Noticed a green death
  1038 | D:2      | Noticed a neqoxec
  1038 | D:2      | Noticed a neqoxec
  1660 | D:2      | Reached XP level 4. HP: 17/31 MP: 4/4
  2067 | D:3      | Reached skill level 4 in Dodging
  2346 | D:3      | Reached XP level 5. HP: 18/37 MP: 5/5
  2867 | D:3      | Reached XP level 6. HP: 36/43 MP: 6/6
  2900 | D:3      | Reached skill level 5 in Dodging
  3144 | D:4      | Noticed Robin
  3151 | D:4      | Killed Robin
  3151 | D:4      | Reached skill level 5 in Stealth
  3348 | D:4      | Found Xett's Armour Shoppe.
  3351 | D:4      | Bought a +0 large shield for 45 gold pieces
  3494 | D:4      | Noticed Natasha
  3498 | D:4      | Found a glowing golden altar of the Shining One.
  3499 | D:4      | Found a runed door.
  3499 | D:4      | Noticed an angel
  3501 | D:4      | Killed Natasha
  3696 | D:4      | Noticed Eustachio
  3777 | D:4      | Killed Eustachio
  3777 | D:4      | Reached XP level 7. HP: 49/49 MP: 7/7
  3945 | D:5      | Entered Level 5 of the Dungeon
  4429 | D:5      | Reached skill level 6 in Dodging
  4929 | D:5      | Found a staircase to the Ecumenical Temple.
  4944 | Temple   | Entered the Ecumenical Temple
  4989 | Temple   | Became a worshipper of Yredelemnul the Dark
  4989 | Temple   | Reached * piety under Yredelemnul
  4989 | Temple   | Reached ** piety under Yredelemnul
  5076 | D:6      | Noticed Grinder
  5120 | D:6      | Found Xiaho's Weapon Shoppe.
  5172 | D:6      | Reached skill level 5 in Fighting
  5203 | D:6      | Reached skill level 1 in Shields
  5203 | D:6      | Reached XP level 8. HP: 55/55 MP: 8/8
  5326 | D:6      | Paralysed by Grinder for 7 turns
  5337 | D:6      | Killed Grinder
  5337 | D:6      | Reached skill level 7 in Dodging
  6046 | D:6      | Reached skill level 8 in Dodging
  6122 | D:6      | Noticed Pikel
  6136 | D:6      | Paralysed by Pikel for 2 turns
  6142 | D:6      | Killed Pikel
  6142 | D:6      | Reached XP level 9. HP: 17/63 MP: 9/9
  6173 | D:6      | HP: 3/63 [hound (3)]
  6174 | D:6      | Slain by a hound

Skill      XL: |  1  2  3  4  5  6  7  8 |
---------------+-------------------------+-----
Stealth        | 3 4 5 6 |  6.4
Dodging        | 4 5 6 8 |  8.7
Fighting       | 4 5 6 |  6.4
Shields        | 1 3 |  3.9
Short Blades   | |  3.1

Action                   |  1- 3 |  4- 6 |  7- 9 || total
-------------------------+-------+-------+-------++-------
Melee: Short sword       |    81 |   119 |   136 ||   336
       Constrict         |    26 |    31 |    30 ||    87
       Tentacles         |    13 |    20 |    37 ||    70
       Rapier            |       |       |     8 ||     8
Invok: Animate Remains   |       |       |     3 ||     3
Evoke: Wand              |       |       |     1 ||     1
  Use: Scroll            |       |     5 |       ||     5
 Stab: Sleeping          |     5 |    16 |    14 ||    35
  Eat: Chunk             |     2 |     3 |     9 ||    14
       Ration            |       |     1 |       ||     1
Armor: Skin              |     5 |     7 |     3 ||    15
Dodge: Dodged            |    61 |    72 |    78 ||   211
Block: Large shield      |       |       |    13 ||    13
       Buckler           |       |       |    13 ||    13
